[Event "Titled Tuesday Blitz May 30 Early 2023"]
[White "Fudalej, Michal"]
[Black "Fishchuk, Vladyslav"]
[WhiteFideId "1118781"]
[BlackFideId "34122117"]
[WhiteElo "2088"]
[BlackElo "2082"]
[Result "0-1"]
[Round "05"]
[TimeControl "180+2"]
[Date "2023.05.30"]
[WhiteClock "0:00:00"]
[BlackClock "0:00:58"]

1. Nf3 d5 2. g3 Nf6 3. Bg2 g6 4. b3 Bg7 5. Bb2 O-O 6. c4 c6 7. O-O a5 8. d3 a4 9. b4 dxc4 10. dxc4 Bf5 11. a3 Nbd7 12. Nd4 Nb6 13. Nxf5 gxf5 14. Qc2 e6 15. Rd1 Qe7 16. Nd2 Rfd8 17. Nf3 Ne4 18. Bxg7 Kxg7 19. Ne5 Qf6 20. f4 Rxd1+ 21. Rxd1 Rd8 22. c5 Rxd1+ 23. Qxd1 Nd5 24. Qxa4 Ne3 25. Bf3 Qd8 26. Nd3 Qd4 27. Kh1 Qa1+ 0-1


[Site "https://www.chess.com"]

[Event "Titled Tuesday Blitz May 30 Early 2023"]
[White "Larina, Maria"]
[Black "Fiedorek, Michal"]
[WhiteFideId "24113182"]
[BlackFideId "1199528"]
[WhiteElo "1848"]
[BlackElo "2135"]
[Result "0-1"]
[Round "05"]
[TimeControl "180+2"]
[Date "2023.05.30"]
[WhiteClock "0:00:20"]
[BlackClock "0:00:05"]

1. e4 c5 2. Nc3 Nc6 3. g3 g6 4. Bg2 Bg7 5. d3 e5 6. Be3 d6 7. Qd2 Nge7 8. f4 O-O 9. Nf3 Rb8 10. O-O f5 11. fxe5 Nxe5 12. Nxe5 Bxe5 13. Bg5 Qc7 14. Bh6 Re8 15. exf5 Bxf5 16. Bd5+ Nxd5 17. Nxd5 Qc6 18. c4 Bd4+ 19. Kg2 b5 20. Rxf5 gxf5 21. Qg5+ Kh8 22. b3 Bxa1 23. Qxf5 bxc4 24. Bg5 Qb7 25. dxc4 Qg7 26. Bf4 Re2+ 27. Kf3 Rbe8 28. h4 Bd4 29. g4 Rf2+ 30. Kg3 Rf8 31. Qe4 Rf1 32. h5 Be5 33. Bxe5 Qxe5+ 34. Qxe5+ dxe5 35. g5 Rg1+ 36. Kh2 Rxg5 37. h6 Rf3 38. Nf6 Rxf6 39. Kh3 Rxh6# 0-1


[Site "https://www.chess.com"]

[Event "Titled Tuesday Blitz May 30 Early 2023"]
[White "Borodavkin, Anatoly"]
[Black "Sanhueza, Cristian"]
[WhiteFideId "14150662"]
[BlackFideId "116815"]
[WhiteElo "1991"]
[BlackElo "2174"]
[Result "0-1"]
[Round "05"]
[TimeControl "180+2"]
[Date "2023.05.30"]
[WhiteClock "0:00:05"]
[BlackClock "0:00:24"]

1. e4 e5 2. Nf3 Nc6 3. Bb5 a6 4. Ba4 Nf6 5. O-O Nxe4 6. d4 b5 7. Bb3 d5 8. dxe5 Be6 9. Re1 Be7 10. Nbd2 Nc5 11. c3 O-O 12. Bc2 d4 13. cxd4 Nxd4 14. Nxd4 Qxd4 15. Nf3 Qxd1 16. Rxd1 Rfd8 17. Be3 Bg4 18. h3 Bh5 19. g4 Bg6 20. Bxg6 hxg6 21. Nd4 Ne6 22. Nc6 Rxd1+ 23. Rxd1 Bc5 24. Bxc5 Nxc5 25. b4 Ne6 26. Rd7 g5 27. Kg2 Re8 28. Kg3 g6 29. h4 gxh4+ 30. Kxh4 g5+ 31. Kg3 Kg7 32. Kf3 Rh8 33. Kg3 Rh1 34. Nb8 Nf4 35. Kf3 Rb1 36. Nxa6 c6 37. Rc7 Ne6 38. Rd7 Kg6 39. Rd6 Kg7 40. Rd7 Rb2 41. Nb8 Rxa2 42. Nxc6 Rc2 43. Nd8 Rc3+ 44. Ke4 Rc4+ 45. Kd3 Nf4+ 46. Ke3 Rc3+ 47. Kd2 Rb3 48. Rxf7+ Kg6 49. Rf5 Rd3+ 50. Kc2 Rxd8 51. e6 Nxe6 52. Rxb5 Nd4+ 0-1


[Site "https://www.chess.com"]

[Event "Titled Tuesday Blitz May 30 Early 2023"]
[White "Kovalevsky, Stanislav"]
[Black "KSho99"]
[WhiteFideId "13508598"]
[WhiteElo "2174"]
[BlackElo "2183"]
[Result "1-0"]
[Round "05"]
[TimeControl "180+2"]
[Date "2023.05.30"]
[WhiteClock "0:00:09"]
[BlackClock "0:00:03"]

1. c4 f5 2. Nc3 Nf6 3. g3 e6 4. Bg2 c6 5. Nf3 d5 6. cxd5 exd5 7. d4 Ne4 8. O-O Be7 9. Qb3 Nd7 10. Bf4 O-O 11. Ne5 Kh8 12. Rad1 Bf6 13. f3 Nxc3 14. bxc3 g5 15. Nxd7 Bxd7 16. Bd6 Rf7 17. e4 Be8 18. Ba3 fxe4 19. fxe4 dxe4 20. Bxe4 Rg7 21. Rf2 Bf7 22. Qxb7 Bd5 23. Qb1 Rb8 24. Qc2 Bc4 25. Bd3 Qd7 26. Bxc4 1-0


[Site "https://www.chess.com"]

[Event "Titled Tuesday Blitz May 30 Early 2023"]
[White "Toktomushev, Teimur"]
[Black "Tarnowska, Aleksandra"]
[WhiteFideId "14176726"]
[BlackFideId "1180967"]
[WhiteElo "2116"]
[BlackElo "1776"]
[Result "1-0"]
[Round "05"]
[TimeControl "180+2"]
[Date "2023.05.30"]
[WhiteClock "0:00:06"]
[BlackClock "0:00:17"]

1. d4 d5 2. c4 e6 3. Nc3 Nf6 4. cxd5 exd5 5. Bg5 Be7 6. e3 h6 7. Bh4 O-O 8. Bd3 b6 9. Nge2 c5 10. O-O Ba6 11. dxc5 bxc5 12. Bxf6 Bxf6 13. Nxd5 Bxd3 14. Qxd3 Bxb2 15. Rab1 Bf6 16. Qf5 c4 17. Rbc1 Nd7 18. Rxc4 g6 19. Qxd7 Be5 20. Ne7+ Kg7 21. Qxd8 Rfxd8 22. Nc6 Rd2 23. Nxe5 Rxe2 24. Rc7 Rf8 25. Rxa7 Kf6 26. Nf3 g5 27. a4 g4 28. Nd4 Kg5 29. Nxe2 f5 30. a5 f4 31. Nxf4 Kh4 32. Ng6+ Kh5 33. Nxf8 g3 34. hxg3 Kg4 35. a6 h5 36. Rb7 h4 37. gxh4 Kh5 38. a7 Kg4 39. a8=Q Kh5 40. Qe8+ Kg4 41. Qg6+ Kxh4 42. Rh7# 1-0


[Site "https://www.chess.com"]

[Event "Titled Tuesday Blitz May 30 Early 2023"]
[White "Flis, Pawel"]
[Black "Gatterer, Florian"]
[WhiteFideId "1112864"]
[BlackFideId "811688"]
[WhiteElo "1822"]
[BlackElo "2221"]
[Result "1/2-1/2"]
[Round "05"]
[TimeControl "180+2"]
[Date "2023.05.30"]
[WhiteClock "0:02:01"]
[BlackClock "0:02:26"]

1. e4 d5 2. exd5 Qxd5 3. Nc3 Qd8 4. Bc4 Nf6 5. Nf3 Bg4 6. h3 Bh5 7. g4 Bg6 8. d3 e6 9. Ne5 Nbd7 10. Nxg6 hxg6 11. Bg5 c6 12. Qe2 Qa5 13. Bd2 Qc7 14. O-O-O O-O-O 15. f4 Bd6 16. Qf3 Nb6 17. Bb3 Nfd5 1/2-1/2


[Site "https://www.chess.com"]

[Event "Titled Tuesday Blitz May 30 Early 2023"]
[White "Manukian, Artak"]
[Black "Blackwhite017"]
[WhiteFideId "13301373"]
[WhiteElo "2130"]
[BlackElo "2105"]
[Result "1-0"]
[Round "05"]
[TimeControl "180+2"]
[Date "2023.05.30"]
[WhiteClock "0:01:28"]
[BlackClock "0:00:00"]

1. e4 c5 2. Nf3 d6 3. Bb5+ Nd7 4. O-O g6 5. c3 Nf6 6. Re1 Bg7 7. d4 O-O 8. e5 Ne8 9. e6 fxe6 10. Ng5 Nc7 11. Bd3 cxd4 12. Nxh7 Kxh7 13. Qh5+ Kg8 14. Qxg6 Rf6 15. Qh7+ Kf7 16. Bg5 Qh8 17. Bxf6 Qxh7 18. Bxh7 Nxf6 19. Bc2 dxc3 20. Nxc3 e5 21. Rac1 Be6 22. f3 Ncd5 23. Nxd5 Nxd5 24. Be4 Nf4 25. Bxb7 Rb8 26. Rc7 Nd5 27. Bxd5 Bxd5 28. b3 Bh6 29. Rxa7 Rg8 30. Kf2 Bf4 31. g3 Bd2 32. Rd1 Bb4 33. Rxd5 1-0


[Site "https://www.chess.com"]

[Event "Titled Tuesday Blitz May 30 Early 2023"]
[White "Estrada Nieto, Julian"]
[Black "Brod, Manfred"]
[WhiteFideId "5101018"]
[BlackFideId "1602110"]
[WhiteElo "2161"]
[BlackElo "2152"]
[Result "1-0"]
[Round "05"]
[TimeControl "180+2"]
[Date "2023.05.30"]
[WhiteClock "0:00:15"]
[BlackClock "0:00:00"]

1. e4 e6 2. d4 d5 3. Nd2 Nf6 4. e5 Nfd7 5. Bd3 c5 6. c3 Nc6 7. Ne2 cxd4 8. cxd4 f6 9. exf6 Nxf6 10. Nf3 Bd6 11. O-O Qc7 12. Bg5 O-O 13. Bh4 Nh5 14. Qc2 h6 15. Bg6 Rxf3 16. gxf3 Bxh2+ 17. Kg2 Nf4+ 18. Nxf4 Bxf4 19. Bg3 Bd7 20. Rfe1 Rf8 21. a3 Rf6 22. Rad1 Qb6 23. Bh5 Nxd4 24. Qd3 Nc6 25. Re2 Na5 26. Rc2 Nc6 27. Re1 Ne7 28. Bg4 Bxg3 29. fxg3 Nf5 30. Bxf5 Rxf5 31. Qe3 Qd8 32. Rec1 a6 33. g4 Rf6 34. Qe5 Bc6 35. Rxc6 bxc6 36. Rxc6 d4 37. Rd6 Qa8 38. Qe4 Qxe4 39. fxe4 Rf1 40. Kxf1 1-0


[Site "https://www.chess.com"]

[Event "Titled Tuesday Blitz May 30 Early 2023"]
[White "Joubert, Dantelle"]
[Black "Matveeva, Olga"]
[WhiteFideId "14310813"]
[BlackFideId "24107018"]
[WhiteElo "1507"]
[BlackElo "2009"]
[Result "0-1"]
[Round "05"]
[TimeControl "180+2"]
[Date "2023.05.30"]
[WhiteClock "0:00:00"]
[BlackClock "0:00:29"]

1. e4 e6 2. Nf3 d5 3. Nc3 Nf6 4. e5 Nfd7 5. d4 c5 6. dxc5 Bxc5 7. Bf4 Nc6 8. Bd3 Qb6 9. Qd2 Bb4 10. a3 Bxc3 11. Qxc3 Nc5 12. Be3 Nxd3+ 13. cxd3 Qd8 14. Bc5 f6 15. d4 Kf7 16. O-O Bd7 17. Rfe1 Rc8 18. Qe3 Re8 19. exf6 Qxf6 20. Bd6 Kg8 21. Rad1 Na5 22. Ne5 Ba4 23. Ng4 Qh4 24. Qf4 Bxd1 25. Rxd1 Nc4 26. g3 Qh5 0-1


[Site "https://www.chess.com"]

[Event "Titled Tuesday Blitz May 30 Early 2023"]
[White "Osiecki, Stanislaw"]
[Black "Dwilewicz, Katarzyna"]
[WhiteFideId "1102990"]
[BlackFideId "1148486"]
[WhiteElo "2088"]
[BlackElo "2065"]
[Result "0-1"]
[Round "05"]
[TimeControl "180+2"]
[Date "2023.05.30"]
[WhiteClock "0:00:00"]
[BlackClock "0:00:16"]

1. e4 c6 2. d4 d5 3. e5 Bf5 4. Bd3 Bxd3 5. Qxd3 e6 6. c3 c5 7. Ne2 Nc6 8. O-O Nge7 9. Rd1 Nf5 10. a3 c4 11. Qh3 h5 12. Ng3 Nh4 13. f4 g6 14. Nd2 Bh6 15. Nf3 Nxf3+ 16. gxf3 Kd7 17. Kh1 Na5 18. Be3 Nb3 19. Rab1 Qe7 20. Nf1 Rag8 21. Nd2 Na5 22. b3 cxb3 23. Nxb3 Nxb3 24. Rxb3 b6 25. a4 Rb8 26. Rdb1 Rhc8 27. a5 Rc6 28. Qg2 Qh4 29. Qd2 Qh3 30. Qg2 Qxg2+ 31. Kxg2 Kc7 32. Kf2 Kb7 33. Bd2 Ka6 34. axb6 Rbxb6 35. Ke2 Rc4 36. Ra1+ Kb7 37. Rxb6+ Kxb6 38. Rb1+ Kc7 39. Ra1 Kb7 40. Rb1+ Ka8 41. Ra1 Rc6 42. Kd3 a6 43. h3 Ka7 44. Bc1 Rb6 45. Kc2 Kb7 46. Kd3 Rb5 47. Ke3 Kb6 48. Ba3 a5 49. Bc5+ Ka6 50. Ra2 Rb1 51. Be7 Rc1 52. Kd2 Bxf4+ 53. Kd3 Rd1+ 54. Ke2 Rb1 55. Bd8 Rb5 56. Kd3 Bh6 57. c4 Rb3+ 58. Ke2 dxc4 59. Rxa5+ Kb7 60. Rc5 Rb2+ 61. Kf1 Rc2 0-1


[Site "https://www.chess.com"]

[Event "Titled Tuesday Blitz May 30 Early 2023"]
[White "Lohani, Sujana"]
[Black "Sargissyan, Sargis"]
[WhiteFideId "12311987"]
[BlackFideId "13303210"]
[WhiteElo "1718"]
[BlackElo "2109"]
[Result "0-1"]
[Round "05"]
[TimeControl "180+2"]
[Date "2023.05.30"]
[WhiteClock "0:00:00"]
[BlackClock "0:00:40"]

1. d4 Nf6 2. Nf3 g6 3. c4 Bg7 4. g3 O-O 5. Bg2 d6 6. O-O Nc6 7. Nc3 e5 8. d5 Ne7 9. e4 Nd7 10. Ne1 a5 11. Nd3 b6 12. f4 f5 13. fxe5 Nxe5 14. Nxe5 Bxe5 15. Qd3 fxe4 16. Nxe4 Nf5 17. Bg5 Qd7 18. g4 Ng7 19. Rxf8+ Kxf8 20. Rf1+ Kg8 21. h3 Qe8 22. Nf6+ Bxf6 23. Bxf6 Ba6 24. Qd4 Qd7 25. b3 Rf8 26. Re1 Qf7 27. g5 Re8 28. Rxe8+ Nxe8 29. Bf3 Bc8 30. h4 Nxf6 31. gxf6 Qe8 32. h5 Qe1+ 33. Kh2 Kf7 34. hxg6+ hxg6 35. Qf4 Qe5 36. Qxe5 dxe5 37. Kg3 Kxf6 38. Be4 Bf5 39. Kf3 g5 40. Ke3 Bxe4 0-1


[Site "https://www.chess.com"]

[Event "Titled Tuesday Blitz May 30 Early 2023"]
[White "February, Jesse Nikki"]
[Black "Shtompel, Yuriy"]
[WhiteFideId "14312336"]
[BlackFideId "14168278"]
[WhiteElo "1824"]
[BlackElo "1844"]
[Result "0-1"]
[Round "05"]
[TimeControl "180+2"]
[Date "2023.05.30"]
[WhiteClock "0:00:00"]
[BlackClock "0:00:08"]

1. e4 c5 2. Nf3 d6 3. d4 cxd4 4. Nxd4 Nf6 5. Nc3 a6 6. a4 e5 7. Nde2 Be6 8. g3 Nbd7 9. Bg2 Be7 10. O-O O-O 11. h3 Rc8 12. Be3 Nb6 13. Nd5 Nfxd5 14. exd5 Bf5 15. c3 Nc4 16. Bc1 a5 17. b3 Nb6 18. c4 Nd7 19. Be3 Nc5 20. Ra2 Bg5 21. Bxc5 Rxc5 22. f4 exf4 23. Nxf4 Re8 24. Raf2 Rc7 25. h4 Bh6 26. Kh2 Rce7 27. Nh5 Bg6 28. Nf4 Bxf4 29. Rxf4 Re2 30. R1f2 Qe7 31. Rxe2 Qxe2 32. Qf1 h5 33. Rf2 Qxf1 34. Rxf1 Re3 35. Rf3 Re2 36. Kg1 Rb2 37. Re3 Kf8 0-1


[Site "https://www.chess.com"]

[Event "Titled Tuesday Blitz May 30 Early 2023"]
[White "Rodrigues Mota, Romulo Cardoso S"]
[Black "Sanchez, Robert"]
[WhiteFideId "2187442"]
[BlackFideId "2034360"]
[WhiteElo "1936"]
[BlackElo "1826"]
[Result "1-0"]
[Round "05"]
[TimeControl "180+2"]
[Date "2023.05.30"]
[WhiteClock "0:00:09"]
[BlackClock "0:00:07"]

1. e4 c5 2. Nf3 e6 3. d4 cxd4 4. Nxd4 a6 5. Bd3 Qc7 6. O-O Nf6 7. h3 b5 8. Nd2 Bb7 9. Re1 d6 10. Nf1 Be7 11. a4 b4 12. Bd2 Qb6 13. c3 Nbd7 14. a5 Qa7 15. Be3 Qb8 16. cxb4 Nxe4 17. Qa4 Nf6 18. b5 Nc5 19. Qc2 Nxd3 20. Qxd3 O-O 21. b6 g6 22. Rec1 Rc8 23. Rxc8+ Qxc8 24. Rc1 Qe8 25. Rc7 Bd5 26. b7 Rb8 27. Qxa6 Bd8 28. Nb5 Bxc7 29. Nxc7 Qc6 30. Qxc6 Bxc6 31. a6 Bxb7 32. Ba7 Bxa6 33. Bxb8 Bc4 34. Ne3 Bd3 35. b4 Kf8 36. b5 Ke7 37. b6 Kd7 38. Na8 Be4 39. Nc7 d5 40. f3 Bd3 41. Na8 d4 42. b7 Ba6 43. Nb6+ Kc6 44. Nec4 Bxb7 45. Na4 Nd7 46. Ne5+ Nxe5 47. Bxe5 Kd5 48. Bf4 e5 49. Bd2 f5 50. Kf2 e4 51. fxe4+ fxe4 52. Ke1 e3 53. Bc1 Kc4 54. Nb2+ Kb3 55. g4 Kc2 56. Bxe3 1-0


[Site "https://www.chess.com"]

[Event "Titled Tuesday Blitz May 30 Early 2023"]
[White "Levitan, Caleb Levi"]
[Black "vlajkovicS"]
[WhiteFideId "14332620"]
[WhiteElo "1963"]
[BlackElo "2634"]
[Result "0-1"]
[Round "05"]
[TimeControl "180+2"]
[Date "2023.05.30"]
[WhiteClock "0:00:00"]
[BlackClock "0:01:34"]

1. e4 d6 2. d4 Nf6 3. Nc3 e5 4. Nf3 Nc6 5. Bc4 exd4 6. Nxd4 Be7 7. O-O O-O 8. h3 a6 9. a4 Ne5 10. Ba2 c6 11. f4 Ng6 12. Be3 Re8 13. Qf3 Bf8 14. Bf2 Qa5 15. Rae1 Qb4 16. Bb3 c5 17. Na2 Qa5 18. Nf5 c4 19. Bxc4 Bxf5 20. exf5 Qxf5 21. Bd3 Qxf4 22. Bxg6 Qxf3 23. Bxf7+ Kxf7 24. gxf3 Rac8 25. Nc3 Rc4 26. Rxe8 Kxe8 27. Re1+ Kd7 28. Rd1 Ke6 29. Rd4 Rxd4 30. Bxd4 Nd7 31. Kf2 d5 32. Ke3 g6 33. Ne2 Bh6+ 34. Kd3 Nb8 35. Be3 Bg7 36. Nf4+ Kd6 37. c3 Nc6 38. b4 Ne5+ 39. Ke2 Nc4 40. Bd4 Bxd4 41. cxd4 Nb2 42. a5 Nc4 43. Kd3 Kc6 44. Kc3 Nd6 45. Nd3 Nf5 46. Ne5+ Kb5 47. Nf7 Nh4 0-1


[Site "https://www.chess.com"]

[Event "Titled Tuesday Blitz May 30 Early 2023"]
[White "Omariev, Maksim"]
[Black "De Souza, Cristiano Gomes"]
[WhiteFideId "4193423"]
[BlackFideId "2151758"]
[WhiteElo "2470"]
[BlackElo "2068"]
[Result "0-1"]
[Round "05"]
[TimeControl "180+2"]
[Date "2023.05.30"]
[WhiteClock "0:00:00"]
[BlackClock "0:00:47"]

1. g4 d5 2. Bg2 c6 3. h3 e5 4. d4 e4 5. c4 Be6 6. Nc3 Ne7 7. g5 Nf5 8. h4 Be7 9. Bf4 dxc4 10. e3 Nd6 11. Nge2 Bd5 12. Qc2 Qd7 13. O-O-O Na6 14. a3 b5 15. Nxe4 Nxe4 16. Bxe4 b4 17. Bf5 Qb7 18. e4 Be6 19. Bxe6 fxe6 20. a4 c5 21. Qxc4 cxd4 22. Qxe6 Nc5 23. Qd5 Qxd5 24. exd5 Rc8 25. Kb1 Kd7 26. Nxd4 Nxa4 27. d6 Bd8 28. Be5 Rf8 29. f4 g6 30. h5 Rf7 31. hxg6 hxg6 32. Rh8 Bb6 33. Rxc8 Kxc8 34. Ne6 Kd7 35. Ng7 Nc5 36. Bf6 a5 37. f5 gxf5 38. Nxf5 a4 39. Ne7 Ne4 40. Nd5 Bd8 41. g6 Rxf6 0-1


[Site "https://www.chess.com"]

[Event "Titled Tuesday Blitz May 30 Early 2023"]
[White "Erzhanov, Arman"]
[Black "Floresvillar Gonzalez, Luis Migu"]
[WhiteFideId "4138821"]
[BlackFideId "5100542"]
[WhiteElo "2138"]
[BlackElo "2040"]
[Result "1-0"]
[Round "05"]
[TimeControl "180+2"]
[Date "2023.05.30"]
[WhiteClock "0:00:59"]
[BlackClock "0:00:00"]

1. e4 d6 2. d4 Nf6 3. Nc3 g6 4. h3 Bg7 5. g4 h5 6. g5 Nfd7 7. Bg2 c6 8. a4 a5 9. Nge2 Na6 10. O-O Nb4 11. f4 b6 12. h4 Ba6 13. Rf2 Qc7 14. Ng3 c5 15. d5 Bd4 16. Nb1 Bb7 17. c3 Bxf2+ 18. Kxf2 Na6 19. Na3 Qc8 20. Bh3 Nc7 21. c4 Ba6 22. b3 Qd8 23. Bb2 f6 24. Qd3 Rg8 25. Re1 Bc8 26. Qf3 Nb8 27. f5 fxg5 28. hxg5 h4 29. Ne2 Bd7 30. fxg6 Rf8 31. Bxd7+ Qxd7 32. Nf4 Kd8 33. g7 Rg8 34. Qh5 Kc8 35. Qf7 Qe8 36. g6 Kb7 37. Rh1 Nd7 38. Rxh4 Ne5 39. Bxe5 dxe5 40. Ne6 Nxe6 41. dxe6 Qc6 42. Qxe7+ Ka6 43. Nb5 1-0


[Site "https://www.chess.com"]

[Event "Titled Tuesday Blitz May 30 Early 2023"]
[White "Acikel, Mert"]
[Black "Makhmudov, Shukhrat"]
[WhiteFideId "12956465"]
[BlackFideId "14200775"]
[WhiteElo "2097"]
[BlackElo "2135"]
[Result "0-1"]
[Round "05"]
[TimeControl "180+2"]
[Date "2023.05.30"]
[WhiteClock "0:00:05"]
[BlackClock "0:00:46"]

1. e4 e5 2. Nf3 Nc6 3. Bc4 Nf6 4. d3 Bc5 5. c3 Bb6 6. O-O d6 7. Re1 Ne7 8. Nbd2 c6 9. Bb3 Ng6 10. d4 O-O 11. Nc4 Bc7 12. h3 exd4 13. Qxd4 Nxe4 14. Qxe4 d5 15. Qe2 dxc4 16. Bxc4 h6 17. Be3 Qf6 18. Rad1 Re8 19. Qc2 Bxh3 20. gxh3 Ne5 21. Nxe5 Qxe5 22. f4 Qh5 23. Rd7 Qxh3 24. Bxf7+ Kh8 25. Bxe8 Rxe8 26. Rxc7 Qg3+ 27. Kf1 Qf3+ 28. Qf2 Qh1+ 29. Ke2 Qd5 30. Qf3 Qb5+ 31. Kf2 Qxb2+ 32. Re2 Qxc3 33. Qg4 Qf6 34. f5 Rf8 35. Qg6 Qxg6 0-1


[Site "https://www.chess.com"]

[Event "Titled Tuesday Blitz May 30 Early 2023"]
[White "Liu, Xiangyi"]
[Black "salgadoLO"]
[WhiteFideId "8605718"]
[WhiteElo "2323"]
[BlackElo "2192"]
[Result "1-0"]
[Round "05"]
[TimeControl "180+2"]
[Date "2023.05.30"]
[WhiteClock "0:01:29"]
[BlackClock "0:00:02"]

1. e4 c5 2. Nf3 e6 3. g3 Nc6 4. Bg2 g6 5. O-O Bg7 6. Re1 d6 7. c3 Nge7 8. d4 cxd4 9. cxd4 O-O 10. Nc3 e5 11. d5 Nb8 12. a4 b6 13. b4 Nd7 14. Ba3 Qc7 15. Nb5 Qb8 16. Rc1 a6 17. Nc3 Bb7 18. a5 b5 19. h4 h6 20. Re2 Qd8 21. Rec2 Rc8 22. Qd3 f5 23. h5 g5 24. exf5 Nxf5 25. Ne4 g4 26. Nh2 Rxc2 27. Rxc2 Nd4 28. Nxd6 Nxc2 29. Qxc2 Qb8 30. Nf5 Rc8 31. Ne7+ Kh8 32. Nxc8 Bxc8 33. Nxg4 Nf6 34. Nxf6 Bxf6 35. Qg6 Bg7 36. Qe8+ Kh7 37. Be4+ 1-0


[Site "https://www.chess.com"]

[Event "Titled Tuesday Blitz May 30 Early 2023"]
[White "zano2023"]
[Black "Avazkhonov, Alikhon"]
[BlackFideId "14208504"]
[WhiteElo "2146"]
[BlackElo "1739"]
[Result "1-0"]
[Round "05"]
[TimeControl "180+2"]
[Date "2023.05.30"]
[WhiteClock "0:01:12"]
[BlackClock "0:00:02"]

1. d4 Nf6 2. Nd2 d5 3. Ngf3 e6 4. e3 Bd6 5. Bd3 O-O 6. O-O c5 7. c3 Nc6 8. Qe2 b6 9. dxc5 bxc5 10. e4 Qc7 11. Re1 Ne5 12. Nxe5 Bxe5 13. Nf3 dxe4 14. Bxe4 Nxe4 15. Qxe4 Bd6 16. Be3 Rb8 17. b3 Bb7 18. Qg4 Bxf3 19. Qxf3 Bxh2+ 20. Kh1 Be5 21. Rac1 c4 22. b4 Bf6 23. Bc5 Rfd8 24. Rcd1 h6 25. Rxd8+ Rxd8 26. g3 Rd3 27. Re3 Rxe3 28. Qxe3 a6 29. Qe4 Qe5 30. Qxc4 Qe1+ 31. Kg2 Bxc3 32. Qxa6 Bxb4 33. Qc8+ Kh7 34. Bxb4 Qe4+ 35. Kg1 Qxb4 36. Qc2+ g6 37. a4 Kg7 38. Qa2 Qe1+ 39. Kg2 Qe4+ 40. Kg1 Kf6 41. a5 Kg5 42. Qd2+ Kg4 43. Qf4+ Qxf4 44. gxf4 Kxf4 45. a6 h5 46. a7 h4 47. a8=Q g5 48. Qe8 f5 49. Qxe6 h3 50. Qe3+ 1-0


[Site "https://www.chess.com"]

[Event "Titled Tuesday Blitz May 30 Early 2023"]
[White "Lakshmi C"]
[Black "Mayeregger, Arnold"]
[WhiteFideId "25035347"]
[BlackFideId "3705226"]
[WhiteElo "1942"]
[BlackElo "2038"]
[Result "0-1"]
[Round "05"]
[TimeControl "180+2"]
[Date "2023.05.30"]
[WhiteClock "0:00:00"]
[BlackClock "0:02:36"]

1. e4 c5 2. f4 Nc6 3. Nf3 g6 4. g3 Bg7 5. Bg2 d6 6. c3 e6 7. O-O d5 8. exd5 Qxd5 9. Ne5 Qd6 10. Nxc6 bxc6 11. Qa4 Bd7 12. Qe4 Nf6 13. Qe2 O-O 14. d3 Rfd8 15. Nd2 Be8 16. Rf3 Rab8 17. Nc4 Qc7 18. Be3 Bf8 19. Ne5 Nd5 20. Bf2 Qb7 21. Nc4 Nb6 22. Na5 Qa6 23. Nb3 c4 24. dxc4 Nxc4 25. Re1 Qxa2 26. Qxc4 Qxb3 0-1


[Site "https://www.chess.com"]

[Event "Titled Tuesday Blitz May 30 Early 2023"]
[White "Kriti Mayur Patel"]
[Black "Sharan, Rao"]
[WhiteFideId "35061780"]
[BlackFideId "5073464"]
[WhiteElo "1306"]
[BlackElo "2231"]
[Result "0-1"]
[Round "05"]
[TimeControl "180+2"]
[Date "2023.05.30"]
[WhiteClock "0:00:40"]
[BlackClock "0:00:08"]

1. e4 e6 2. d4 d5 3. Nc3 Nf6 4. e5 Ng8 5. f4 c5 6. Nf3 Nc6 7. Be3 Nh6 8. dxc5 Nf5 9. Bf2 Qa5 10. Bd3 d4 11. O-O dxc3 12. bxc3 Bxc5 13. Bxf5 Bxf2+ 14. Rxf2 exf5 15. Qd6 Qd8 16. Qc5 Qe7 17. Qe3 Be6 18. Ng5 h6 19. Nf3 O-O 20. Nd4 Rfd8 21. Rd2 Na5 22. Qh3 Qc5 23. Kh1 Nc4 24. Rd3 Kh7 25. Rad1 g6 26. Nxe6 Rxd3 27. Qxd3 fxe6 28. Qd7+ Kh8 29. Qxe6 Rg8 30. Qf6+ Rg7 31. Rd8+ Kh7 32. Rd1 Qe7 33. h3 Qxf6 34. exf6 Rf7 35. Rd4 Nb6 36. Rd6 Rd7 37. Re6 Kg8 38. Re7 Rxe7 39. fxe7 Kf7 40. Kg1 Kxe7 41. Kf2 Kd6 42. Ke2 Kc5 43. Kd3 Nd5 44. g3 Nf6 45. Ke3 Ne4 46. Kd3 Nxg3 47. a3 Ne4 48. h4 h5 49. a4 a5 50. c4 Nd6 51. Kc3 Nxc4 52. Kb3 Nb6 53. c3 Nd5 54. Kc2 Nxf4 55. c4 Ng2 56. Kb3 Nxh4 57. Kc3 g5 58. Kd3 Ng6 59. Ke2 Ne5 60. Kf2 Kxc4 61. Kg3 Kb4 62. Kh3 Kxa4 63. Kg3 b5 64. Kh3 b4 65. Kg3 b3 66. Kh3 b2 67. Kg3 b1=Q 68. Kh3 Qd3+ 69. Kg2 Kb4 70. Kf2 a4 71. Kg2 a3 72. Kh2 a2 73. Kg2 a1=Q 74. Kh2 Qb2+ 75. Kg1 f4 76. Kh1 f3 77. Kg1 g4 78. Kh1 g3 79. Kg1 h4 80. Kh1 h3 81. Kg1 Ng4 82. Kh1 Kc4 83. Kg1 Kd4 84. Kh1 Ke3 85. Kg1 Qda3 86. Kh1 Nf2+ 87. Kg1 h2+ 88. Kf1 g2+ 89. Ke1 h1=Q# 0-1


[Site "https://www.chess.com"]

[Event "Titled Tuesday Blitz May 30 Early 2023"]
[White "dDobravcan"]
[Black "Martin Alvarez, Inigo"]
[BlackFideId "2259354"]
[WhiteElo "2108"]
[BlackElo "2349"]
[Result "0-1"]
[Round "05"]
[TimeControl "180+2"]
[Date "2023.05.30"]
[WhiteClock "0:00:00"]
[BlackClock "0:00:31"]

1. d4 Nf6 2. Nc3 e6 3. Bf4 a6 4. e3 c5 5. Nf3 d5 6. dxc5 Bxc5 7. Bd3 Nc6 8. O-O O-O 9. Qe2 Re8 10. e4 e5 11. Bg5 dxe4 12. Nxe4 Be7 13. Rad1 Nxe4 14. Qxe4 g6 15. Qh4 Qc7 16. Bc4 Bf8 17. Bf6 h6 18. Qg3 Be6 19. Bd3 Bg7 20. Bxg7 Kxg7 21. h4 Rg8 22. h5 g5 23. Rfe1 f5 24. Nh4 f4 25. Qh2 gxh4 26. Qxh4 Qe7 27. Qxe7+ Nxe7 28. Rxe5 Kf6 29. Rde1 Bd5 30. Rxe7 Rxg2+ 31. Kf1 Rag8 0-1


[Site "https://www.chess.com"]

[Event "Titled Tuesday Blitz May 30 Early 2023"]
[White "Horokoskii"]
[Black "Theytookourjobs"]
[WhiteElo "2104"]
[BlackElo "2337"]
[Result "1-0"]
[Round "05"]
[TimeControl "180+2"]
[Date "2023.05.30"]
[WhiteClock "0:00:09"]
[BlackClock "0:00:00"]

1. d4 Nf6 2. c4 e6 3. Nf3 b6 4. g3 Bb7 5. Bg2 Be7 6. O-O O-O 7. Nbd2 d6 8. Qc2 Nbd7 9. e4 e5 10. d5 a5 11. Nb3 a4 12. Nbd2 Nc5 13. Re1 Kh8 14. b3 axb3 15. Nxb3 Nxb3 16. Qxb3 Nd7 17. a4 Nc5 18. Qc2 Qd7 19. a5 bxa5 20. Be3 f6 21. Bxc5 dxc5 22. Reb1 Rfb8 23. Rb5 c6 24. Rbxa5 cxd5 25. Rxa8 Rxa8 26. Rxa8+ Bxa8 27. cxd5 Bb7 28. Bf1 h6 29. Nh4 Kh7 30. Qe2 Bc8 31. Nf5 Bf8 32. Qc4 Qb7 33. Ne3 Qb1 34. Kg2 Bd6 35. Bd3 Qa1 36. Qb3 Qd4 37. Nc4 Ba6 38. Nxd6 Bxd3 39. f3 c4 40. Qd1 Qe3 41. Nf5 Qg5 42. h4 1-0


[Site "https://www.chess.com"]

[Event "Titled Tuesday Blitz May 30 Early 2023"]
[White "Mirzanurov, Bulat"]
[Black "Steenbekkers, Franck"]
[WhiteFideId "4184521"]
[BlackFideId "1004220"]
[WhiteElo "2005"]
[BlackElo "2102"]
[Result "0-1"]
[Round "05"]
[TimeControl "180+2"]
[Date "2023.05.30"]
[WhiteClock "0:00:12"]
[BlackClock "0:01:17"]

1. e4 c5 2. Nf3 Nc6 3. Bb5 Nf6 4. Bxc6 bxc6 5. d3 d6 6. O-O g6 7. b3 Bg7 8. Bb2 O-O 9. Nbd2 e5 10. Nc4 Be6 11. Re1 h6 12. Qd2 Nh5 13. Ne3 Qd7 14. Nd1 Nf4 15. Nc3 f5 16. Ne2 fxe4 17. dxe4 Nxg2 18. Nxe5 Bxe5 19. Bxe5 Bh3 20. Qxd6 Qg4 21. Ng3 Nh4 22. Re3 Rad8 23. Qxc6 Rd1+ 24. Rxd1 Qxd1+ 25. Re1 Qxe1+ 26. Nf1 Qxf1# 0-1


[Site "https://www.chess.com"]